 Dungeon Crawl Stone Soup version 0.30.0-15-g856e2d3f33 (webtiles) character file.

Game seed: 17965129317432751548

507 qw the Chopper (level 7, -2/44 HPs)
             Began as a Gargoyle Cinder Acolyte on May 18, 2023.
             Was a High Priest of Ignis.
             Slain by an ogre
             ... wielding a +0 giant club
              (23 damage)
             ... on level 4 of the Dungeon.
             The game lasted 00:01:26 (3424 turns).

qw the Chopper (Gargoyle Cinder Acolyte)            Turns: 3424, Time: 00:01:27

Health: -2/44      AC: 25    Str: 19    XL:     7   Next: 18%
Magic:  8/8        EV:  7    Int: 15    God:    Ignis [*****.]
Gold:   287        SH:  0    Dex:  5    Spells: 8/8 levels left

rFire   + . .        Y - +0 hand axe (flame)
rCold   . . .        (no shield)
rNeg    + . .        a - +0 chain mail
rPois   inf          (no helmet)
rElec   +            e - +0 cloak
rCorr   .            (no gloves)
SInv    .            (no boots)
Will    +....        (no amulet) Stlth
                     c - ring of willpower
HPRegen 0.27/turn    f - +4 ring of protection
MPRegen 0.11/turn

%: no passive effects
@: fiery-armoured
A: sickness immunity, AC +4, negative energy resistance 1, electricity
resistance, torment resistance 1, petrification resistance
a: Renounce Religion, Fiery Armour, Foxfire Swarm, Rising Flame


You were on level 4 of the Dungeon.
You worshipped Ignis.
Ignis was extremely pleased with you.
You visited 1 branch of the dungeon, and saw 4 of its levels.

You collected 287 gold pieces.


Innate Abilities, Weirdness & Mutations

You are immune to sickness and miasma.
Your stone body is resilient. (AC +4)
You are immune to poison.
You resist negative energy. (rN+)
You are resistant to electric shocks. (rElec)
You are resistant to unholy torment.
You are immune to petrification.


   Skills:
 - Level 5.2 Fighting
 - Level 6.0 Axes
 + Level 2.1 Armour
 - Level 1.0 Spellcasting
 - Level 3.0 Fire Magic


You had 8 spell levels left.
You didn't know any spells.
Your spell library contained the following spells:

 Spells                   Type           Power      Damage    Failure   Level
 Scorch                   Fire           18%        2d5       67%         2

Inventory:

Hand Weapons
 Y - a +0 hand axe of flaming (weapon)
Armour
 a - a +0 chain mail (worn)
 e - a +0 cloak (worn)
Jewellery
 c - a ring of willpower (left hand)
 f - a +4 ring of protection (right hand)
Scrolls
 h - 2 scrolls of vulnerability {unknown}
Potions
 b - a potion of might {unknown}
 d - a potion of attraction {unknown}
 g - a potion of heal wounds
 i - a potion of curing
 m - 2 potions of cancellation
 n - a potion of degeneration {unknown}

Dungeon Overview and Level Annotations

Branches:
Dungeon (4/15)
 Temple: D:4-7

Altars:


Message History

The worm is moderately wounded.
The worm bites you but does no damage.
You completely miss the worm.
The worm is moderately wounded.
You hit the worm. You burn the worm.
The worm is severely wounded.
The worm bites you but does no damage.
You slash the worm! You burn the worm.
You kill the worm!
Items here: %%%% ).
You now have 281 gold pieces (gained 12).
h - 2 scrolls labelled EMEBOLL SANO (gained 1)
A hobgoblin comes into view.
Found 6 gold pieces.
The hobgoblin shouts!
You barely miss the hobgoblin.
The hobgoblin hits you but does no damage.
You hit the hobgoblin. You burn the hobgoblin.
You kill the hobgoblin!
You now have 287 gold pieces (gained 6).
An ogre comes into view. It is wielding a +0 giant club.
3414 ||| Stepping ~*~*~tactically~*~*~ (stealth).
You hit the ogre. You burn the ogre.
The ogre is lightly wounded.
The ogre hits you with a +0 giant club!!
You hit the ogre. You burn the ogre.
The ogre is heavily wounded.
You hit the ogre. You burn the ogre.
The ogre is almost dead.
The ogre barely misses you.
You hit the ogre. You burn the ogre.
The ogre is almost dead.
The ogre hits you with a +0 giant club.
3423 ||| INVOKING Fiery Armour.
A protective cloak of flame settles atop you.
You hit the ogre but do no damage.
The ogre is almost dead.
The ogre hits you with a +0 giant club!!
Ouch! That really hurt!
You die...

.# .# ## ####### ###
......# #.. .####.# #.#
.# #.##########. .# #.
#...#........ ##
#.######.#..@#...#..
#####....#....###O.#..#
..............# .....#
.....##.......##+.....'#
.###.##......#...#####..
.###.##..........# .
....#............+ ..
.<##.###.........# .#
..# #.....#...#####.


You could see an ogre.

Vanquished Creatures
  Grinder (D:3)
  Sigmund (D:2)
  A scorpion (D:4)
  Ijyb (D:3)
  An adder (D:4)
  3 worms
  3 dart slugs
  An orc (D:4)
  2 ball pythons
  6 endoplasms
  2 giant cockroaches
  6 goblins
  3 hobgoblins
  4 jackals (D:3)
  3 kobolds
  6 bats
  5 frilled lizards
  5 rats
54 creatures vanquished.

Vanquished Creatures (others)
  A ball python (D:3)
1 creature vanquished.

Grand Total: 55 creatures vanquished

Notes
Turn   | Place    | Note
-------+----------+-------------------------------------------
     0 | D:1      | qw the Gargoyle Cinder Acolyte began the quest for the Orb.
     0 | D:1      | Reached XP level 1. HP: 14/14 MP: 2/2
     0 | D:1      | 0 ||| qw: Version: 0.2-a-95-gc95f03d
     0 | D:1      | 0 ||| qw: Game counter: 46
     0 | D:1      | 0 ||| qw: Always use a shield: true
     0 | D:1      | 0 ||| qw: God list: Okawaru
     0 | D:1      | 0 ||| qw: Allow faded altars: false
     0 | D:1      | 0 ||| qw: Do Orc after D:15 true
     0 | D:1      | 0 ||| qw: Do second Lair branch before Depths: true
     0 | D:1      | 0 ||| qw: Lair rune preference: random
     0 | D:1      | 0 ||| qw: Plans: Normal
     0 | D:1      | 0 ||| PLANNING D:1-11
   306 | D:1      | Found a faded altar of an unknown god.
   364 | D:1      | Reached skill level 3 in Axes
   401 | D:1      | Reached XP level 2. HP: 18/19 MP: 3/3
   812 | D:1      | 812 ||| UPGRADING to +0 cloak.
   817 | D:1      | 817 ||| UPGRADING to +0 leather armour.
   827 | D:1      | 827 ||| DROPPING +0 robe.
   828 | D:1      | 828 ||| UPGRADING to ring of willpower.
   829 | D:1      | 829 ||| UPGRADING to +4 ring of protection.
   830 | D:1      | 830 ||| READING scroll labelled CAIBEN ENORUSS.
   831 | D:1      | 831 ||| READING scroll labelled XOEHIE HOUCHYO.
   832 | D:1      | 832 ||| DRINKING 2 golden potions.
   861 | D:2      | 861 ||| STAIRDANCE
   864 | D:1      | 864 ||| INVOKING Fiery Armour.
  1058 | D:2      | 1058 ||| Stepping ~*~*~tactically~*~*~ (hiding).
  1059 | D:2      | 1059 ||| Stepping ~*~*~tactically~*~*~ (hiding).
  1061 | D:2      | 1061 ||| Stepping ~*~*~tactically~*~*~ (hiding).
  1125 | D:2      | Reached XP level 3. HP: 23/23 MP: 4/4
  1576 | D:2      | Noticed Sigmund
  1577 | D:2      | 1577 ||| Stepping ~*~*~tactically~*~*~ (hiding).
  1578 | D:2      | 1578 ||| Stepping ~*~*~tactically~*~*~ (hiding).
  1592 | D:2      | Killed Sigmund
  1593 | D:2      | Reached skill level 5 in Axes
  1593 | D:2      | Reached XP level 4. HP: 16/28 MP: 5/5
  1593 | D:2      | Reached XP level 5. HP: 18/32 MP: 6/6
  1964 | D:2      | 1964 ||| UPGRADING to +0 chain mail.
  1974 | D:2      | 1974 ||| DROPPING +0 leather armour.
  1975 | D:2      | 1975 ||| READING scroll labelled MAOGGYEDUW.
  1976 | D:2      | 1976 ||| READING scroll labelled ULUUMY EXAMMEC.
  1977 | D:2      | 1977 ||| DRINKING 2 fizzy clear potions.
  1981 | D:2      | 1981 ||| DROPPING potion of ambrosia.
  2220 | D:3      | 2220 ||| Stepping ~*~*~tactically~*~*~ (stealth).
  2240 | D:3      | 2240 ||| Stepping ~*~*~tactically~*~*~ (stealth).
  2250 | D:3      | Reached skill level 1 in Armour
  2265 | D:3      | Found Raedd's Jewellery Emporium.
  2421 | D:3      | 2421 ||| Stepping ~*~*~tactically~*~*~ (stealth).
  2423 | D:3      | 2423 ||| Stepping ~*~*~tactically~*~*~ (hiding).
  2820 | D:3      | Noticed Ijyb
  2821 | D:3      | 2821 ||| Stepping ~*~*~tactically~*~*~ (hiding).
  2844 | D:3      | Killed Ijyb
  2845 | D:3      | Reached XP level 6. HP: 26/37 MP: 7/7
  2937 | D:3      | Noticed Grinder
  2938 | D:3      | 2938 ||| Stepping ~*~*~tactically~*~*~ (hiding).
  2952 | D:3      | Paralysed by Grinder for 5 turns
  2957 | D:3      | 2957 ||| INVOKING Fiery Armour.
  2964 | D:3      | Killed Grinder
  3177 | D:3      | 3177 ||| READING scroll labelled NAJEDWYETU.
  3182 | D:3      | 3182 ||| READING scroll labelled IFAURAO ICEMO.
  3183 | D:3      | 3183 ||| READING scroll labelled MURIAVEC WIMIY.
  3184 | D:3      | 3184 ||| READING scroll labelled IBOHIZ AFROMPI.
  3185 | D:3      | 3185 ||| DRINKING 2 inky potions.
  3186 | D:3      | 3186 ||| DRINKING 2 viscous orange potions.
  3187 | D:3      | 3187 ||| DRINKING 2 lumpy silvery potions.
  3188 | D:3      | 3188 ||| DRINKING 3 fuming amethyst potions.
  3189 | D:3      | 3189 ||| DROPPING potion of brilliance.
  3190 | D:3      | 3190 ||| DROPPING potion of magic.
  3218 | D:4      | Reached XP level 7. HP: 44/44 MP: 8/8
  3376 | D:4      | Reached skill level 6 in Axes
  3414 | D:4      | 3414 ||| Stepping ~*~*~tactically~*~*~ (stealth).
  3423 | D:4      | 3423 ||| INVOKING Fiery Armour.
  3424 | D:4      | Slain by an ogre

Levels and vault maps discovered:
D:1:      sevenhm_arrival_forest_fort_large_4, layout_basic,
          dilly_ecumenical_altar_fadedgnrine
D:2:      layout_basic, grunt_ministairs_3, uniq_sigmund
D:3:      layout_basic, serial_shops, nicolae_shop_competitors_out_of_business,
          uniq_grinder, uniq_ijyb
D:4:      layout_loops_ring, mainiacjoe_overflow_boulevard, roderic_batcave,
          minmay_fractal_squares_diagonal_5

Skill      XL: |  1  2  3  4  5  6  7 |
---------------+----------------------+-----
Axes           | 3 5 6 |  6.0
Armour         | 2 |  2.1
Fighting       | 5 |  5.2
Spellcasting   | |  1.0
Fire Magic     | |  3.0

Action                     |  1- 3 |  4- 6 |  7- 9 || total
---------------------------+-------+-------+-------++-------
  Melee: Hand axe          |   111 |    88 |    34 ||   233
         Punch             |     2 |       |       ||     2
 Invoke: Fiery Armour      |     1 |     1 |     1 ||     3
    Use: Scroll            |     2 |     6 |       ||     8
         Potion            |     1 |     5 |       ||     6
 Armour: Robe              |    17 |       |       ||    17
         Leather armour    |    18 |       |       ||    18
         Chain mail        |       |    45 |    17 ||    62
  Dodge: Dodged            |    57 |    28 |     8 ||    93

Table legend:
 A = Non-vault XP
 B = Vault XP
 C = Vault XP percentage of total XP
 D = Non-vault monster count
 E = Vault monster count
 F = Vault count percentage of total count
                 A         B        C        D         E       F
            +---------+---------+-------+---------+---------+-------
      Total |      86 |     639 |  88.1 |      45 |       9 |  16.7
            +---------+---------+-------+---------+---------+-------
        D:1 |      15 |       0 |   0.0 |      11 |       0 |   0.0
        D:2 |      31 |     230 |  88.1 |      16 |       3 |  15.8
        D:3 |      32 |     308 |  90.6 |      14 |       2 |  12.5
        D:4 |       8 |     101 |  92.7 |       4 |       4 |  50.0
            +---------+---------+-------+---------+---------+-------
